Map: [ESL] Babylon

Players

Vindicta - Winner!

  • Race: Terran Terran
  • Spawn Location: 5:00

PattyMac

  • Race: Protoss Protoss
  • Spawn Location: 11:00

Event: ESL SC2 Masters 2023 Summer (Regionals)

VOD

Have the link to the VOD?

Description

Time

  • Played on: May 13, 2023, 3:25 p.m.
  • Length: 19:44

All games in this series

Show
View Real Time Build Order
Export as new Build Order

Vindicta Terran - Winner!

Build Orders:  

Get SALT Encoding   

  12  0:00  SCV  
  13  0:12  SCV  
  14  0:17  Supply Depot  
  14  0:24  SCV  
  15  0:38  SCV  
  15  0:40  Barracks  
  16  0:44  Refinery  
  16  0:51  SCV  
  17  1:03  SCV  
  18  1:15  SCV  
  19  1:27  Orbital Command  
  19  1:28  Barracks Reactor  
  19  1:42  Command Center  
  19  1:53  SCV  
  20  1:56  Supply Depot  
  20  2:04  Marine, Reaper  
  20  2:05  SCV  
  23  2:17  SCV  
  23  2:22  Bunker  
  24  2:24  Marine  
  24  2:25  Factory  
  25  2:34  SCV  
  25  2:36  Marine  
  27  2:38  Refinery  
  27  2:42  Marine  
  28  2:46  SCV  
  29  2:54  Marine  
  29  2:56  Orbital Command  
  29  2:58  SCV  
  31  3:00  Marine  
  32  3:09  Widow Mine  
  32  3:10  SCV  
  32  3:12  Marine  
  36  3:17  Starport  
  36  3:22  SCV x2, Marine  
  39  3:30  Marine  
  39  3:34  SCV  
  39  3:35  Widow Mine  
  39  3:36  SCV  
  39  3:40  Marine  
  39  3:41  Supply Depot  
  44  3:46  SCV  
  44  3:48  SCV  
  46  3:49  Barracks  
  46  3:53  Medivac  
  45  3:58  Marine, SCV  
  46  4:03  Factory Tech Lab  
  46  4:08  SCV  
  47  4:10  SCV  
  47  4:11  Marine, Supply Depot  
  49  4:20  SCV  
  49  4:22  Barracks  
  49  4:23  Siege Tank  
  53  4:25  Starport Tech Lab  
  53  4:28  SCV  
  54  4:33  Marine x2, SCV  
  54  4:36  Marine  
  58  4:45  Raven  
  61  4:48  Engineering Bay, Supply Depot  
  61  4:49  SCV  
  61  4:50  SCV  
  62  4:56  Refinery  
  62  5:09  Marine x2, SCV  
  62  5:10  Stimpack, Marine  
  62  5:11  Factory Reactor  
  62  5:13  SCV  
  67  5:14  Supply Depot  
  67  5:16  Terran Infantry Weapons Level 1  
  67  5:20  Supply Depot  
  67  5:22  SCV  
  67  5:25  SCV  
  67  5:27  Marine  
  69  5:29  Starport Reactor  
  69  5:31  Marine, Refinery  
  69  5:35  Combat Shield  
  70  5:36  Marine x2, SCV  
  70  5:37  SCV  
  74  5:45  Marine, Supply Depot  
  74  5:48  SCV  
  74  5:49  SCV  
  76  5:54  Marine, Marauder x2  
  76  5:56  Widow Mine  
  78  6:00  SCV  
  78  6:03  Marine  
  76  6:06  SCV  
  76  6:07  Medivac  
  76  6:09  Medivac  
  79  6:12  Marine  
  79  6:15  Marauder  
  79  6:16  Marauder, Supply Depot  
  83  6:21  Marine, Supply Depot  
  83  6:23  SCV  
  83  6:24  Supply Depot  
  84  6:26  SCV  
  84  6:30  Widow Mine, Marine  
  84  6:31  Widow Mine  
  90  6:36  SCV, Marine x2  
  90  6:39  Marine  
  95  6:47  Marine  
  95  6:48  Medivac, Supply Depot  
  95  6:49  Medivac  
  95  6:52  Widow Mine  
  99  7:00  Marauder, Concussive Shells  
  101  7:03  Marauder, Command Center  
  101  7:17  Marine  
  101  7:18  Barracks  
  101  7:20  Barracks, Terran Infantry Armor Level 1  
  101  7:22  Widow Mine x2, Marine  
  108  7:26  Medivac  
  108  7:29  SCV  
  110  7:35  Supply Depot  
  109  7:37  Marine, Medivac  
  109  7:40  Marauder  
  109  7:43  Widow Mine x2, Marine  
  109  7:44  Marauder, SCV  
  115  7:59  Marine  
  115  8:01  Marauder  
  115  8:05  Medivac  
  117  8:12  Marine  
  111  8:13  Marauder  
  111  8:15  Orbital Command  
  111  8:16  SCV x2, Barracks Reactor  
  111  8:17  Marine, Barracks Tech Lab  
  111  8:19  Widow Mine  
  110  8:22  Marine  
  110  8:30  Marine, Ghost Academy  
  113  8:34  Marauder, Marine  
  113  8:37  Orbital Command  
  113  8:40  Marauder  
  110  8:42  Viking x2  
  110  8:47  SCV x2  
  110  8:48  Marine  
  119  8:57  Marine  
  119  8:59  SCV  
  121  9:04  Marauder x2  
  121  9:07  Factory Tech Lab  
  121  9:08  Sensor Tower  
  125  9:10  Marine  
  125  9:11  SCV x2  
  125  9:12  Viking  
  125  9:14  Viking  
  125  9:15  SCV  
  131  9:18  Ghost  
  131  9:19  Refinery  
  131  9:24  Marine x2  
  131  9:25  Ghost  
  131  9:28  SCV  
  131  9:29  Marine  
  131  9:30  Marine  
  134  9:38  SCV  
  134  9:42  Marine x2, Viking  
  134  9:44  SCV, Refinery  
  139  9:45  SCV  
  139  9:47  Marine  
  139  9:48  Marine  
  139  9:49  Supply Depot  
  139  9:51  SCV, Viking  
  144  9:55  Missile Turret x2  
  144  9:58  SCV x2  
  144  10:01  Ghost  
  144  10:02  Armory  
  144  10:04  Engineering Bay, Marine, Marauder  
  146  10:07  Marine, Marauder  
  146  10:13  Marine x2  
  151  10:19  Viking  
  153  10:21  Marine  
  153  10:25  Marine, Marauder  
  155  10:30  Marine  
  155  10:34  Viking  
  127  10:35  Marine  
  127  10:36  Marine  
  127  10:38  SCV  
  127  10:39  Marine  
  123  10:49  SCV x2  
  123  10:57  Terran Infantry Weapons Level 2  
  123  10:59  Terran Infantry Armor Level 2  
  123  11:02  Marine  
  123  11:03  Command Center  
  119  11:07  Marine x2  
  112  11:18  SCV x2  
  105  11:19  Marine  
  105  11:21  Liberator, Siege Tank  
  105  11:22  Liberator  
  109  11:27  Marauder x2  
  109  11:28  Marine  
  109  11:29  Marine  
  117  11:37  SCV x2  
  116  11:40  Marine x2  
  116  11:42  SCV  
  116  11:46  Marine  
  120  11:48  Ghost  
  120  11:49  SCV  
  121  11:59  Marine  
  121  12:00  Marine  
  125  12:02  Marine  
  125  12:05  Missile Turret, Siege Tank  
  127  12:10  Marine x2  
  127  12:11  Marauder, Missile Turret  
  131  12:17  SCV x3  
  131  12:18  Marauder  
  136  12:24  Marine  
  136  12:26  Marine  
  136  12:27  Marine  
  136  12:28  Ghost  
  136  12:29  SCV  
  142  12:32  Marauder  
  142  12:35  Sensor Tower  
  142  12:36  Marine  
  144  12:42  SCV x2, Marine  
  144  12:43  SCV  
  147  12:48  Siege Tank  
  150  12:51  Planetary Fortress  
  150  12:54  SCV x2  
  150  12:55  SCV  
  150  12:56  Liberator  
  156  12:59  Liberator  
  156  13:00  Marine  
  156  13:01  Marine  
  159  13:06  SCV  
  159  13:08  Refinery  
  159  13:09  Missile Turret, Refinery  
  159  13:10  Marine x2  
  162  13:18  Marine x2  
  164  13:22  Siege Tank  
  171  13:29  Terran Ship Weapons Level 1, Terran Infantry Weapons Level 3  
  171  13:33  Bunker  
  171  13:37  Supply Depot x2  
  171  13:38  Terran Infantry Armor Level 3  
  167  13:45  Bunker  
  167  13:46  Ghost  
  171  13:53  Marine  
  174  13:57  Siege Tank  
  174  13:58  Marine x3  
  174  13:59  Supply Depot  
  176  14:04  SCV x2  
  182  14:11  Marine, Missile Turret  
  182  14:12  Missile Turret  
  182  14:13  SCV x2, Missile Turret  
  183  14:20  Supply Depot  
  183  14:22  Barracks x2, Medivac  
  183  14:23  Barracks  
  180  14:24  Marine, Medivac  
  180  14:29  Marine  
  183  14:46  Ghost  
  183  14:50  Command Center  
  187  15:01  Marine x2  
  187  15:02  Marine x2, Marauder x2  
  187  15:05  Liberator x2  
  190  15:09  Barracks Tech Lab  
  190  15:10  Barracks Tech Lab  
  190  15:15  Marauder  
  190  15:19  Marine, Barracks Tech Lab  
  193  15:27  Marine, Marauder  
  196  15:30  Marine x2  
  198  15:43  Fusion Core, Starport  
  195  15:50  Liberator  
  192  16:02  Liberator  
  173  16:15  Marauder  
  173  16:17  Marine  
  173  16:18  Marauder  
  162  16:19  Marine x2  
  162  16:20  Marauder  
  162  16:23  Marine x2  
  162  16:24  Marauder x2  
  172  16:32  Starport Reactor, Advanced Ballistics  
  155  16:33  Liberator  
  155  16:35  Marine  
  155  16:36  Marauder  
  155  16:37  Marine x2  
  155  16:38  Marine  
  156  16:41  Marine x2, Marauder  
  156  16:44  Marine x2  
  156  16:45  Liberator  
  165  16:53  Marine  
  156  16:55  Marine x2  
  156  16:57  Marauder x2  
  156  16:59  Marine, Marauder  
  156  17:00  Missile Turret  
  165  17:02  Marine  
  165  17:03  Marauder x2  
  165  17:07  Neosteel Armor  
  170  17:09  Medivac x2  
  170  17:10  Marine  
  170  17:13  Marine x2  
  177  17:15  Liberator  
  177  17:16  Marine, Sensor Tower  
  177  17:18  Marauder  
  177  17:19  Marauder  
  177  17:20  Marine  
  177  17:21  Marauder  
  188  17:23  Marine  
  188  17:24  Marine  
  188  17:28  Marine  
  188  17:30  Marine  
  188  17:31  Marine  
  188  17:33  Liberator  
  188  17:34  Marine, Siege Tank  
  197  17:37  Planetary Fortress  
  197  17:38  Ghost  
  197  17:39  Marine  
  197  17:41  Marine  
  195  17:45  Liberator  
  195  17:49  Marauder  
  200  17:58  Marine x2, Ghost  
  179  18:01  Liberator x2  
  179  18:03  Marine x2  
  192  18:09  Refinery x2  
  189  18:15  Liberator  
  189  18:17  Marine  
  195  18:22  Rapid Reignition System, Ghost  
  195  18:23  Ghost  
  195  18:24  Ghost  
  195  18:25  Marine  
  200  18:37  Command Center  
  200  18:38  Liberator  
  197  18:44  Liberator  
  195  18:49  Marauder  
  195  18:51  Marine  
  196  18:56  Marine  
  196  18:59  Marine  
  198  19:07  Command Center  
  198  19:22  Marine  
  199  19:25  Marine  
Show
View Real Time Build Order
Export as new Build Order

PattyMac Protoss 

Build Orders: 1 Gate Expand, Oracle Opening, Blink Stalkers 

Get SALT Encoding   

  12  0:00  Probe  
  13  0:12  Probe  
  14  0:17  Pylon  
  14  0:24  Probe (Chrono Boost)  
  16  0:37  Probe (Chrono Boost)  
  16  0:38  Gateway  
  16  0:42  Probe (Chrono Boost)  
  16  0:46  Assimilator  
  17  0:56  Probe  
  18  1:08  Probe  
  19  1:20  Probe  
  19  1:25  Cybernetics Core  
  20  1:33  Nexus  
  20  1:37  Probe  
  21  1:43  Pylon  
  21  1:50  Probe  
  21  1:53  Assimilator  
  22  2:01  Pylon  
  22  2:03  Probe  
  22  2:05  Adept (Chrono Boost)  
  25  2:16  Stargate  
  25  2:17  Probe (Chrono Boost)  
  26  2:26  Warp Gate  
  26  2:29  Probe (Chrono Boost)  
  27  2:32  Adept  
  30  2:37  Probe (Chrono Boost)  
  30  2:43  Probe  
  30  2:45  Probe  
  32  2:55  Probe  
  32  2:57  Probe, Oracle (Chrono Boost)  
  37  3:08  Probe  
  37  3:09  Probe  
  39  3:12  Pylon  
  39  3:20  Probe  
  39  3:21  Probe  
  39  3:22  Twilight Council  
  41  3:32  Probe  
  41  3:33  Probe, Gateway x2  
  43  3:44  Probe  
  43  3:46  Pylon  
  43  3:47  Probe  
  45  3:57  Blink (Chrono Boost)  
  45  3:58  Probe  
  45  4:00  Nexus  
  45  4:01  Probe  
  47  4:10  Probe  
  47  4:13  Probe  
  47  4:15  Assimilator  
  49  4:24  Probe  
  49  4:27  Pylon  
  49  4:30  Stalker x3  
  56  4:34  Probe  
  56  4:37  Probe  
  58  4:39  Pylon  
  58  4:46  Probe  
  58  4:48  Shield Battery  
  58  4:50  Probe  
  60  4:54  Stalker x3  
  60  4:58  Probe  
  67  5:02  Probe  
  68  5:08  Pylon  
  68  5:10  Probe  
  69  5:15  Probe  
  69  5:17  Stalker x2  
  69  5:18  Stalker  
  69  5:19  Pylon  
  76  5:25  Gateway  
  76  5:26  Gateway  
  76  5:29  Probe x2  
  76  5:31  Charge (Chrono Boost)  
  78  5:35  Forge  
  78  5:40  Probe  
  78  5:41  Probe  
  78  5:51  Stalker x3  
  78  5:54  Probe  
  81  6:10  Probe (Chrono Boost)  
  80  6:12  Probe (Chrono Boost)  
  80  6:14  Pylon  
  80  6:15  Probe (Chrono Boost)  
  80  6:17  Pylon  
  80  6:18  Protoss Ground Weapons Level 1 (Chrono Boost)  
  80  6:20  Robotics Facility  
  80  6:22  Probe (Chrono Boost)  
  80  6:24  Probe (Chrono Boost)  
  83  6:27  Probe (Chrono Boost)  
  83  6:28  Stalker x2  
  83  6:30  Probe x2 (Chrono Boost)  
  89  6:34  Probe  
  90  6:43  Probe  
  90  6:46  Probe  
  91  6:51  Gateway  
  91  6:52  Gateway  
  91  6:54  Gateway, Shield Battery, Assimilator  
  91  6:55  Assimilator  
  91  6:56  Probe  
  91  7:00  Probe  
  94  7:08  Observer  
  94  7:13  Robotics Bay  
  94  7:15  Stalker x3  
  97  7:16  Robotics Facility  
  97  7:18  Pylon  
  97  7:22  Zealot  
  99  7:30  Zealot  
  99  7:38  Stalker x3  
  101  7:45  Zealot  
  101  7:46  Zealot  
  101  7:49  Zealot x2  
  109  7:56  Zealot  
  109  8:07  Zealot  
  109  8:08  Zealot  
  109  8:10  Colossus x2 (Chrono Boost)  
  109  8:11  Zealot  
  108  8:14  Probe  
  113  8:23  Zealot x2  
  117  8:30  Pylon  
  117  8:31  Probe  
  117  8:32  Probe  
  117  8:40  Probe  
  115  8:48  Probe  
  115  8:52  Pylon, Protoss Ground Weapons Level 2 (Chrono Boost)  
  115  8:54  Pylon x2  
  115  8:58  Dark Shrine  
  115  9:01  Observer  
  115  9:02  Probe  
  116  9:04  Probe  
  116  9:08  Pylon  
  117  9:10  Probe, Photon Cannon  
  117  9:12  Pylon  
  117  9:13  Pylon  
  117  9:14  Colossus (Chrono Boost)  
  117  9:16  Nexus  
  118  9:18  Pylon  
  118  9:19  Pylon  
  118  9:21  Warp Prism (Chrono Boost)  
  117  9:31  Probe  
  117  9:33  Zealot x2  
  117  9:43  Zealot x3  
  117  9:44  Zealot x3  
  129  9:48  Probe  
  129  9:50  Probe  
  131  10:06  Zealot x5  
  131  10:07  Zealot x2  
  145  10:16  Dark Templar  
  133  10:31  Disruptor x2 (Chrono Boost)  
  133  10:34  Zealot x4  
  89  10:44  Dark Templar  
  91  10:55  Dark Templar  
  91  10:59  Zealot x2  
  91  11:01  Sentry  
  95  11:06  Nexus  
  95  11:07  Zealot x3  
  75  11:16  Disruptor x2 (Chrono Boost)  
  81  11:21  Zealot x2  
  85  11:28  Probe  
  85  11:31  Dark Templar  
  88  11:34  Zealot  
  88  11:35  Zealot x2  
  88  11:38  Observer  
  92  11:42  Shield Battery  
  92  11:47  Probe x2  
  92  11:51  Stalker x3  
  98  12:00  Disruptor (Chrono Boost)  
  98  12:06  Probe  
  102  12:09  Probe x2  
  104  12:18  Probe  
  104  12:19  Probe, Disruptor (Chrono Boost), Protoss Ground Armor Level 1 (Chrono Boost)  
  104  12:21  Probe x2  
  109  12:30  Probe, Stalker x2  
  109  12:31  Probe  
  109  12:33  Probe  
  114  12:40  Stalker x2  
  114  12:50  Zealot  
  114  12:51  Zealot x3  
  122  12:57  Probe x2  
  122  12:58  Disruptor x2 (Chrono Boost)  
  124  12:59  Assimilator  
  124  13:05  Assimilator  
  130  13:07  Probe  
  131  13:19  Zealot x6  
  143  13:25  Probe  
  143  13:26  Probe  
  145  13:27  Probe  
  145  13:30  Shadow Stride  
  146  13:35  Stalker x2  
  150  13:45  Disruptor  
  150  13:48  Probe  
  154  13:52  Forge  
  154  13:54  Nexus, Pylon  
  154  13:58  Zealot  
  154  14:01  Stalker x2  
  160  14:05  Photon Cannon  
  160  14:09  Pylon  
  160  14:12  Stalker  
  160  14:13  Stalker  
  164  14:19  Protoss Ground Armor Level 2 (Chrono Boost)  
  164  14:21  Protoss Ground Weapons Level 3 (Chrono Boost)  
  163  14:26  Assimilator  
  163  14:28  Assimilator  
  163  14:30  Pylon  
  163  14:33  Disruptor  
  166  14:41  Gateway  
  166  14:43  Stalker  
  166  14:44  Zealot  
  168  14:46  Gateway  
  168  14:47  Shield Battery  
  162  15:10  Dark Templar x2  
  162  15:11  Dark Templar x6  
  162  15:12  Probe  
  179  15:17  Probe  
  178  15:22  Disruptor  
  178  15:23  Disruptor  
  182  15:41  Dark Templar x2  
  184  15:43  Dark Templar  
  182  15:50  Zealot x2  
  182  15:51  Zealot  
  183  15:58  Disruptor  
  153  16:17  Stalker x9  
  133  16:21  Disruptor (Chrono Boost)  
  120  16:39  Zealot  
  116  16:40  Zealot x8  
  130  16:49  Disruptor (Chrono Boost)  
  125  16:54  Disruptor (Chrono Boost)  
  128  17:01  Dark Templar x5  
  138  17:09  Dark Templar  
  138  17:10  Zealot x2  
  143  17:17  Stalker x2  
  142  17:25  Probe  
  142  17:27  Probe, Assimilator  
  140  17:37  Pylon  
  140  17:39  Dark Templar x2  
  140  17:41  Pylon  
  140  17:48  Stalker x3  
  130  18:00  Zealot x4  
  138  18:12  Dark Templar  
  138  18:13  Dark Templar x2  
  144  18:20  Zealot  
  144  18:21  Disruptor (Chrono Boost)  
  136  18:45  Probe, Pylon, Stalker x2  
  136  18:47  Stalker x2  
  121  19:01  Disruptor  
  113  19:07  Zealot x5  
  113  19:10  Probe x2  
  115  19:19  Stalker x3  
Tags
 
Add a new tag
Caveats
  • Supply blocks, unpowered buildings, or Contaminate may cause inaccurate times.
  • Supply counts are checked every 10 seconds.